 Dungeon Crawl Stone Soup version 0.28-a0-1504-g839a4452db (console) character file.

Game seed: 4196301250563394408

30 Banquo the Chopper (level 3, -4/33 HPs)
             Began as a Hill Orc Cinder Acolyte on Jan 13, 2022.
             Was a High Priest of Ignis.
             Slain by a gnoll (9 damage)
             ... on level 2 of the Dungeon.
             The game lasted 00:02:41 (1588 turns).

Banquo the Chopper (Hill Orc Cinder Acolyte)        Turns: 1588, Time: 00:02:41

Health: -4/33      AC:  2    Str: 18    XL:     3   Next: 18%
Magic:  4/4        EV: 11    Int: 14    God:    Ignis [*****.]
Gold:   58         SH:  0    Dex:  6    Spells: 4/4 levels left

rFire   + . .      SeeInvis .   a - -1 hand axe (flame)
rCold   . . .      Faith    .   (no shield)
rNeg    . . .      Spirit   .   b - +0 robe
rPois   .          Reflect  .   (no helmet)
rElec   .          Harm     .   (no cloak)
rCorr   .          Rampage  .   (no gloves)
Will    .....                   (no boots)
Stlth   +.........              (no amulet)
HPRegen 0.11/turn               (no ring)
MPRegen 0.09/turn               (no ring)

@: no status effects
A: no striking features
a: Renounce Religion, Fiery Armour, Foxfire Swarm, Rising Flame


You were on level 2 of the Dungeon.
You worshipped Ignis.
Ignis was extremely pleased with you.
You visited 1 branch of the dungeon, and saw 2 of its levels.

You collected 58 gold pieces.

Inventory:

Hand Weapons
 a - a -1 hand axe of flaming (weapon)
 d - a +0 dagger of freezing
 e - a +0 spear
Missiles
 c - 40 stones (quivered)
Armour
 b - a +0 robe (worn)
Scrolls
 f - a scroll of brand weapon {unknown}
Potions
 g - a potion of curing {unknown}
 h - a potion of attraction {unknown}


   Skills:
 + Level 4.1 Fighting
 * Level 4.7 Axes
 + Level 0.4 Dodging
 - Level 1.0 Spellcasting
 - Level 3.6 Fire Magic


You had 4 spell levels left.
You didn't know any spells.
Your spell library contained the following spells:

 Spells                   Type           Power      Damage    Failure   Level
 Scorch                   Fire           20%        2d6       9%          2


Dungeon Overview and Level Annotations

Branches:
Dungeon (2/15)

Altars:


Message History

There is a stone staircase leading up here.
You climb upwards.
There is a stone staircase leading down here.
There is a stone staircase leading down here.
You climb downwards.
There is a stone staircase leading up here.
A gnoll comes into view. It is wielding a +0 flail.
The gnoll shouts!
You barely miss the gnoll. The gnoll barely misses you.
You barely miss the gnoll. The gnoll barely misses you.
You slash the gnoll! You burn the gnoll.
The gnoll is almost dead.
The gnoll hits you with a +0 flail.
You barely miss the gnoll.
The gnoll is almost dead.
The gnoll closely misses you.
You barely miss the gnoll.
The gnoll is almost dead.
The gnoll hits you with a +0 flail.
You closely miss the gnoll.
The gnoll is almost dead.
The gnoll hits you with a +0 flail.
You barely miss the gnoll.
The gnoll is almost dead.
The gnoll hits you with a +0 flail!
You hit the gnoll but do no damage.
The gnoll is almost dead.
The gnoll hits you with a +0 flail.
* * * LOW HITPOINT WARNING * * *
You closely miss the gnoll.
The gnoll is almost dead.
The gnoll closely misses you. The gnoll barely misses you.
You barely miss the gnoll.
The gnoll is almost dead.
The gnoll hits you with a +0 flail.
* * * LOW HITPOINT WARNING * * *
You barely miss the gnoll.
The gnoll is almost dead.
The gnoll hits you with a +0 flail!
You die...

...........##.#...
########<..#......
##....#g... ####......
##### ##.#... #...#
#.#... ###.#.###
#.####
#...#...############.#
#.#####.@g...........#
#.<.#...##############
#######.#.###
..........#
###########


You could see a gnoll.

Vanquished Creatures
  2 dart slugs (D:1)
  4 bats (D:1)
  3 endoplasms
  2 giant cockroaches (D:1)
  3 goblins (D:1)
  A hobgoblin (D:1)
  4 kobolds
  A quokka (D:1)
  A frilled lizard (D:1)
  A rat (D:1)
22 creatures vanquished.

Notes
Turn   | Place    | Note
-------+----------+-------------------------------------------
     0 | D:1      | Banquo the Hill Orc Cinder Acolyte began the quest for the
                  | Orb.
     0 | D:1      | Reached XP level 1. HP: 19/19 MP: 2/2
    84 | D:1      | Reached XP level 2. HP: 16/27 MP: 3/3
   615 | D:1      | Found a faded altar of an unknown god.
  1130 | D:1      | Reached XP level 3. HP: 30/33 MP: 4/4
  1588 | D:2      | Slain by a gnoll

Illustrated notes

Levels and vault maps discovered:
D:1:      scummos_arrival_checkerplants, layout_basic,
          hellmonk_ecumenical_altar_inner_sanctum
D:2:      layout_loops_ring, feat_on_display, uniq_natasha,
          uniq_crazy_yiuf_cottage

Skill      XL: |  1  2 |
---------------+-------+-----
Fighting       | 4 |  4.1
Axes           | |  4.7
Dodging        | |  0.4
Spellcasting   | |  1.0
Fire Magic     | |  3.6

Action                   || total
-------------------------++-------
Melee: Hand axe          ||    88
       Punch             ||     1
Armor: Robe              ||    30
Dodge: Dodged            ||    51

Table legend: (Time is in decaauts)
 A = Elapsed time spent in this place.
 B = Non-inter-level travel time spent in this place.
 C = Inter-level travel time spent in this place.
 D = Time resting spent in this place.
 E = Time spent auto-exploring this place.
 F = Levels seen in this place.
 G = Mean time per level.
                   A        B        C        D        E       F      G
               +--------+--------+--------+--------+--------+-----+--------+
         Total |   1597 |   1487 |    110 |      0 |   1234 |   2 |  798.5 |
       Dungeon |   1597 |   1487 |    110 |      0 |   1234 |   2 |  798.5 |
               +--------+--------+--------+--------+--------+-----+--------+

Top non-repeatable levels by time:
     D:1: 1431 daAuts
     D:2: 166 daAuts
